 Dungeon Crawl Stone Soup version 0.30.1-11-g7821555f0a (webtiles) character file.

Game seed: 2892161629355521059

711 lonewolfV2 the Trooper (level 7, -9/56 HPs)
             Began as a Demonspawn Fighter on Oct 30, 2023.
             Killed by divine providence
             ... invoked by an orc priest
              (17 damage)
             ... on level 5 of the Dungeon.
             The game lasted 00:05:41 (3746 turns).

lonewolfV2 the Trooper (Demonspawn Fighter)         Turns: 3746, Time: 00:05:42

Health: -9/56      AC: 13    Str: 16    XL:     7   Next: 40%
Magic:  7/7        EV: 14    Int: 13    God:
Gold:   135        SH:  0    Dex: 14    Spells: 6/6 levels left

rFire   . . .        a - +1 war axe
rCold   . . .        c - +0 buckler
rNeg    . . .        b - +1 scale mail
rPois   .            p - +2 helmet {Int+3}
rElec   .            (no cloak)
rCorr   .            (no gloves)
SInv    .            (no boots)
Will    .....        (no amulet) Stlth
                     n - +5 ring of evasion
HPRegen 0.29/turn    (no ring)
MPRegen 0.10/turn

%: no passive effects
@: confused, ambrosia-drunk
A: hooves 1, molten scales 1, foul stench 2
a: no special abilities


You were on level 5 of the Dungeon.
You visited 1 branch of the dungeon, and saw 5 of its levels.

You collected 135 gold pieces.

Inventory:

Hand Weapons
 a - a +1 war axe (weapon)
Armour
 b - a +1 scale mail (worn)
 c - a +0 buckler (worn)
 p - a +2 helmet of intelligence (worn)
Jewellery
 n - a +5 ring of evasion (left hand)
Scrolls
 e - a scroll of silence
 h - a scroll of identify
 j - 2 scrolls of teleportation
 k - a scroll of enchant armour
 r - 2 scrolls of summoning
Potions
 d - 2 potions of might
 f - 3 potions of lignification
 i - 3 potions of degeneration
 m - a potion of flight
 o - a potion of cancellation
 q - 2 potions of invisibility


   Skills:
 - Level 5.6 Fighting
 - Level 5.4 Axes
 + Level 3.2 Armour
 * Level 2.2 Dodging
 - Level 2.6 Shields


You had 6 spell levels left.
You didn't know any spells.
Your spell library was empty.

Dungeon Overview and Level Annotations

Branches:
Dungeon (5/15)
 Temple: D:4-7

Altars:
Ashenzari
Dithmenos
Ru
Wu Jian
Xom


Innate Abilities, Weirdness & Mutations

You have large cloven feet.
You are partially covered in molten scales. (AC +2)
You sometimes emit foul miasma when damaged in melee.


Message History

You slash the orc!
You kill the orc!
The orc priest hits you but does no damage.
The orc hits you from afar with a +0 trident.
The adder barely misses you.
The orc priest invokes the aid of Beogh against you.
Beogh smites you!
* * * LOW HITPOINT WARNING * * *
You barely miss the orc priest. You kick the orc priest.
The orc priest is heavily wounded.
You hit the adder. The adder bites you but does no damage.
You block the orc priest's attack.
You are confused.
You feel invigorated. The adder bites you but does no damage.
The orc priest barely misses you. The adder closely misses you.
You bump into the rock wall.
The adder misses you.
The orc priest miscasts a cantrip.
The orc hits you from afar with a +0 trident!
* * * LOW HITPOINT WARNING * * *
You're too confused to move!
The adder closely misses you. The orc priest closely misses you.
You bump into the rock wall.
The adder misses you.
The orc priest hits you but does no damage.
You barely miss the orc priest. You kick the orc priest.
The orc priest is severely wounded.
You miss the adder. The adder closely misses you.
The adder bites you but does no damage. The orc priest closely misses you.
The orc priest calls upon Beogh to heal the orc priest.
The orc priest is healed somewhat.
You bump into the rock wall.
The adder bites you but does no damage.
The orc priest invokes the aid of Beogh against you.
Beogh smites you!
* * * LOW HITPOINT WARNING * * *
The orc priest invokes the aid of Beogh against you.
Beogh smites you!
* * * LOW HITPOINT WARNING * * *
You bump into the rock wall.
The adder closely misses you.
The orc priest calls down the wrath of Beogh upon you.
Beogh smites you!
You die...

....... .).....
..<....#######.......
#....................
#..................#
........#..........#
.......o...........#
.....oSo#..........#
.....o#@#..).......#
##... #.#<.........#
### #...#...######
###.#.####..##
#....##....
###..#..####..
#...........
############...######..
.######..............#
####


You could see 2 orc priests, an adder and an orc.

Vanquished Creatures
  2 ogres
  A jelly (D:5)
  Crazy Yiuf (D:2)
  Jessica (D:2)
  Natasha (thrice) (D:2)
  Terence (D:2)
  2 iguanas (D:4)
  5 orc wizards
  4 gnolls (D:3)
  5 adders
  2 ufetubi (D:4)
  2 worms
  4 dart slugs
  12 orcs
  5 endoplasms
  3 giant cockroaches
  3 goblins
  5 hobgoblins (D:1)
  8 jackals (D:1)
  9 kobolds
  5 ball pythons
  4 bats
  2 frilled lizards (D:1)
  4 rats
93 creatures vanquished.

Vanquished Creatures (others)
  An orc wizard (D:5)
1 creature vanquished.

Grand Total: 94 creatures vanquished

Notes
Turn   | Place    | Note
-------+----------+-------------------------------------------
     0 | D:1      | lonewolfV2 the Demonspawn Fighter began the quest for the
                  | Orb.
     0 | D:1      | Reached XP level 1. HP: 18/18 MP: 1/1
   142 | D:1      | Gained mutation: You may rarely emit foul miasma when
                  | damaged in melee. [demonic ancestry]
   142 | D:1      | Reached XP level 2. HP: 17/24 MP: 2/2
   694 | D:2      | Gained mutation: You have large cloven feet. [demonic
                  | ancestry]
   694 | D:2      | Reached XP level 3. HP: 28/29 MP: 3/3
   741 | D:2      | Found a runed translucent door.
   742 | D:2      | Noticed Crazy Yiuf
   781 | D:2      | Found an ornate altar of the Wu Jian Council.
   996 | D:2      | Noticed Jessica
  1010 | D:2      | Killed Jessica
  1011 | D:2      | Gained mutation: You are partially covered in molten
                  | scales. (AC +2) [demonic ancestry]
  1011 | D:2      | Reached XP level 4. HP: 30/37 MP: 4/4
  1296 | D:2      | Noticed Natasha
  1297 | D:2      | Noticed Terence
  1306 | D:2      | Killed Natasha
  1310 | D:2      | Killed Terence
  1377 | D:2      | Noticed Natasha
  1391 | D:2      | Killed Natasha
  1392 | D:2      | Reached XP level 5. HP: 31/43 MP: 5/5
  1416 | D:2      | Noticed Natasha
  1421 | D:2      | Killed Natasha
  1607 | D:2      | Killed Crazy Yiuf
  1859 | D:3      | Found a broken altar of Ashenzari.
  1860 | D:3      | Found a shimmering altar of Xom.
  1886 | D:3      | Found a shadowy altar of Dithmenos.
  2026 | D:3      | Reached skill level 5 in Fighting
  2034 | D:3      | Gained mutation: You sometimes emit foul miasma when
                  | damaged in melee. [demonic ancestry]
  2034 | D:3      | Reached XP level 6. HP: 47/51 MP: 6/6
  2731 | D:4      | Identified the +1 robe of Complete Protection {Contam rN+
                  | Dex+3}
  2743 | D:4      | Found a sacrificial altar of Ru.
  2811 | D:4      | Reached skill level 5 in Axes
  3181 | D:5      | Entered Level 5 of the Dungeon
  3191 | D:5      | Reached XP level 7. HP: 56/56 MP: 7/7
  3224 | D:5      | Reached skill level 1 in Dodging
  3746 | D:5      | Killed from afar by an orc priest

Illustrated notes

Levels and vault maps discovered:
D:1:      ldierk_walled_garden_2, layout_basic, dk_noncrumbling_3,
          dk_noncrumbling_4
D:2:      layout_basic, basic_altar, uniq_jessica, uniq_crazy_yiuf_cottage,
          uniq_terence, uniq_natasha
D:3:      layout_basic, nicolae_overflow_squiral,
          nicolae_dithmenos_shadow_blocks, nicolae_grassy_gnolls
D:4:      layout_rooms, nicolae_ru_awakened_eye
D:5:      layout_rooms, minmay_temple_entry_from_below_a,
          minmay_gold_behind_fungi

Skill      XL: |  1  2  3  4  5  6  7 |
---------------+----------------------+-----
Axes           | 2 3 4 5 |  5.4
Fighting       | 4 5 |  5.6
Dodging        | 2 |  2.2
Armour         | 3 |  3.2
Shields        | |  2.6

Action                     |  1- 3 |  4- 6 |  7- 9 || total
---------------------------+-------+-------+-------++-------
  Melee: War axe           |    86 |   157 |    43 ||   286
         Kick              |       |    31 |    11 ||    42
    Use: Scroll            |     7 |     5 |     2 ||    14
         Potion            |       |     4 |     5 ||     9
 Armour: Scale mail        |    54 |    85 |    25 ||   164
  Dodge: Dodged            |    42 |    91 |    39 ||   172
  Block: Buckler           |    21 |    46 |     8 ||    75
